Map: Catalyst LE

Players

Ozmosis - Winner!

  • Race: Terran Terran
  • League: Master
  • Spawn Location: 11:00

A.I. 1 (Easy)

  • Race: Zerg Zerg
  • Spawn Location: 5:00

VOD

Have the link to the VOD?

Description

Time

  • Played on: April 26, 2018, 12:13 a.m.
  • Length: 7:16
Show
View Real Time Build Order
Export as new Build Order

Ozmosis Terran - Winner!

Build Orders: 1/1/1, Cyclone Opening 

Get SALT Encoding   

  12  0:00  SCV  
  13  0:13  SCV  
  14  0:17  Supply Depot  
  14  0:25  SCV  
  14  0:28  Refinery  
  15  0:39  SCV  
  16  0:44  Barracks  
  16  0:51  SCV  
  16  0:55  Refinery  
  17  1:03  SCV  
  18  1:15  SCV  
  19  1:31  Reaper, Orbital Command  
  20  1:35  Factory  
  20  1:45  Supply Depot  
  20  1:56  SCV  
  21  2:04  Reaper  
  22  2:08  SCV  
  23  2:21  SCV  
  23  2:22  Cyclone  
  27  2:23  Starport  
  27  2:29  Supply Depot  
  27  2:33  SCV  
  27  2:36  Barracks Tech Lab  
  28  2:45  SCV  
  29  2:54  Hellion  
  31  3:06  Banshee, Cloaking Field  
  31  3:07  SCV  
  31  3:10  Supply Depot  
  31  3:11  Barracks Reactor  
  36  3:20  SCV  
  36  3:22  Factory Tech Lab  
  36  3:32  SCV  
  37  3:40  Command Center  
  37  3:44  SCV  
  38  3:55  Marine x2, Banshee  
  38  4:00  Supply Depot  
  40  4:06  Siege Tank  
  40  4:09  SCV  
  44  4:15  Marine x2  
  46  4:21  SCV  
  47  4:29  Supply Depot  
  47  4:34  Marine, SCV  
  47  4:35  Marine  
  50  4:46  Command Center  
  50  4:49  SCV  
  51  4:55  Raven  
  53  5:02  Marine x2  
  53  5:05  Siege Tank  
  58  5:08  SCV  
  59  5:22  SCV  
  59  5:24  Orbital Command  
  59  5:25  Marine x2  
  58  5:34  SCV  
  59  5:40  Siege Tank  
  62  5:49  Barracks  
  62  5:51  Marine  
  62  5:53  Starport Reactor, Barracks  
  62  5:56  SCV x2  
  65  5:59  Orbital Command  
  63  6:11  Marine  
  63  6:12  SCV x2  
  66  6:18  Refinery, Engineering Bay  
  66  6:20  Siege Tank  
  66  6:21  Refinery, Engineering Bay  
  66  6:24  SCV x2  
  71  6:26  SCV  
  71  6:30  Supply Depot  
  72  6:35  Marine  
  72  6:36  Starport Reactor, SCV  
  72  6:39  Marine x2  
  76  6:49  Marine x2  
  76  6:51  SCV x3  
  76  6:53  Marine  
  82  7:00  Supply Depot  
  84  7:03  SCV x2  
  84  7:04  SCV  
  87  7:09  Barracks  
  87  7:10  Barracks  
Show
View Real Time Build Order
Export as new Build Order

A.I. 1 (Easy) Zerg 

Build Orders: Pool Only 

Get SALT Encoding   

  12  0:01  Drone  
  13  0:12  Overlord  
  13  0:17  Drone  
  14  0:31  Drone  
  14  0:35  Drone  
  16  0:42  Spawning Pool  
  15  0:45  Drone  
  15  0:47  Extractor  
  15  0:51  Drone  
  16  0:58  Overlord  
  16  1:30  Zergling x2  
  16  1:31  Queen  
  19  1:32  Roach Warren  
  19  1:34  Extractor  
  19  1:36  Drone  
  19  1:37  Zergling x2  
  19  1:41  Drone  
  20  1:52  Zergling x2  
  21  2:02  Zergling x2  
  22  2:13  Zergling x2  
  23  2:24  Zergling x2  
  24  2:34  Overlord  
  24  2:37  Zergling x2, Drone  
  24  2:43  Zergling x2  
  27  2:46  Drone  
  28  2:57  Drone  
  29  3:08  Drone  
  29  3:12  Drone  
  31  3:13  Overlord  
  31  3:16  Drone  
  32  3:51  Zergling x2  
  32  4:54  Queen  
  32  4:57  Drone  
  32  5:02  Drone  
  32  5:06  Drone  
  30  5:10  Drone  
  30  5:13  Zergling x2  
  28  5:15  Drone  
  28  5:19  Drone  
  26  5:23  Drone  
  26  5:27  Roach  
  26  5:28  Drone  
  27  5:32  Drone, Lair  
  25  5:39  Drone  
  25  5:49  Roach  
  24  6:00  Drone  
  21  6:11  Drone  
  13  6:12  Roach  
  13  6:15  Drone  
  12  6:19  Drone  
  9  6:29  Zergling x2, Overseer  
  9  6:30  Overseer  
  6  6:33  Drone  
  6  6:36  Hydralisk Den  
  6  6:40  Drone  
  6  6:45  Drone  
  6  6:46  Roach  
  8  6:51  Drone  
  5  6:56  Drone  
Tags
 
Add a new tag
Caveats
  • Supply blocks, unpowered buildings, or Contaminate may cause inaccurate times.
  • Supply counts are checked every 10 seconds.